 Dungeon Crawl Stone Soup version 0.28-a0-1206-g193881aaa2 (webtiles) character file.

Game seed: 16636740997527428351

7 WhamHam the Chopper (level 1, -1/20 HPs)
             Began as a Minotaur Berserker on Dec 21, 2021.
             Was a Follower of Trog.
             Slain by a goblin (3 damage)
             ... on level 1 of the Dungeon.
             The game lasted 00:04:24 (137 turns).

WhamHam the Chopper (Minotaur Berserker)             Turns: 137, Time: 00:04:24

Health: -1/20      AC:  2    Str: 21    XL:     1   Next: 83%
Magic:  0/0        EV: 12    Int:  4    God:    Trog [*.....]
Gold:   18         SH:  0    Dex:  9    Spells: 0/0 levels left

rFire   . . .      SeeInvis .   a - +0 hand axe
rCold   . . .      Faith    .   (no shield)
rNeg    . . .      Spirit   .   b - +0 animal skin
rPois   .          Reflect  .   (helmet restricted)
rElec   .          Harm     .   (no cloak)
rCorr   .          Rampage  .   (no gloves)
Will    .....                   (no boots)
Stlth   +.........              (no amulet)
HPRegen 0.06/turn               (no ring)
MPRegen 0.07/turn               (no ring)

@: no status effects
A: horns 2, retaliatory headbutt
a: Renounce Religion, Berserk


You were on level 1 of the Dungeon.
You worshipped Trog.
Trog was aware of your devotion.
You visited 1 branch of the dungeon, and saw 1 of its levels.

You collected 18 gold pieces.

Inventory:

Hand Weapons
 a - a +0 hand axe (weapon)
 c - a +0 dagger
Missiles
 d - 25 arrows
 f - 16 bolts
Armour
 b - a +0 animal skin (worn)
Potions
 e - a potion of ambrosia {unknown}


   Skills:
 + Level 3.8 Fighting
 + Level 3.9 Axes
 + Level 2.5 Armour
 + Level 2.2 Dodging


You couldn't memorise any spells.
You didn't know any spells.
Your spell library was empty.

Dungeon Overview and Level Annotations

Branches:
Dungeon (1/15)

Altars:


Innate Abilities, Weirdness & Mutations

You have a pair of horns on your head.
You reflexively headbutt those who attack you in melee.


Message History

A bat is nearby!
You now have 18 gold pieces (gained 8).
There are no items here.
You barely miss the bat. The bat closely misses you.
The bat hits you but does no damage.
You hit the bat. Your headbutt misses the bat.
The bat is moderately wounded.
The bat misses you. The bat closely misses you.
You barely miss the bat. Your headbutt misses the bat.
The bat is moderately wounded.
The bat hits you but does no damage. The bat hits you.
* * * LOW HITPOINT WARNING * * *
You slash the bat!
You kill the bat!
Trog accepts your kill.
A hobgoblin comes into view.
The hobgoblin shouts!
The hobgoblin moves out of view.
A kobold comes into view. It is wielding a +3 short sword.
The kobold shouts!
Found 16 bolts.
You feel yourself speed up.
You see here 16 bolts.
f - 16 bolts The kobold hits you with a +3 short sword.
* * * LOW HITPOINT WARNING * * *
The kobold hits you but does no damage.
A goblin comes into view. It is wielding a +0 club.
You recover from your berserk rage.
The goblin barely misses you.
The kobold hits you with a +3 short sword.
* * * LOW HITPOINT WARNING * * *
A goblin comes into view. It is wielding a +0 dagger.
Found a scroll labelled ZOOCUZUMEEF.
The goblin shouts!
The goblin moves out of view.
The goblin closely misses you. The goblin barely misses you.
The goblin hits you with a +0 dagger.
You die...

# ##.# ##########
.###.# #........#
.....######........#
..........#........#
............g.?....#
#........##........#
#........##........#
#....###.##..K.g...#
####.. #.##....g@..#
#.# #.##........#
..# ..###########
... ..# ..# ... .#


You could see a hobgoblin, 2 goblins and a kobold.

Vanquished Creatures
  A ball python (D:1)
  A bat (D:1)
  An endoplasm (D:1)
  2 hobgoblins (D:1)
5 creatures vanquished.

Notes
Turn   | Place    | Note
-------+----------+-------------------------------------------
     0 | D:1      | WhamHam the Minotaur Berserker began the quest for the Orb.
     0 | D:1      | Reached XP level 1. HP: 19/19 MP: 0/0
   137 | D:1      | Slain by a goblin

Illustrated notes

Levels and vault maps discovered:
D:1:      dpeg_arrival_court, layout_rooms, chequers_ecumenical_altar_simple,
          minmay_tromino_v7

Action                   || total
-------------------------++-------
Melee: Hand axe          ||    11
       Headbutt          ||     3
Invok: Berserk           ||     1
Armor: Animal skin       ||     4
Dodge: Dodged            ||    13

Table legend: (Time is in decaauts)
 A = Elapsed time spent in this place.
 B = Non-inter-level travel time spent in this place.
 C = Inter-level travel time spent in this place.
 D = Time resting spent in this place.
 E = Time spent auto-exploring this place.
 F = Levels seen in this place.
 G = Mean time per level.
                   A        B        C        D        E       F      G
               +--------+--------+--------+--------+--------+-----+--------+
         Total |    153 |    137 |     16 |      0 |      0 |   1 |  153.0 |
       Dungeon |    153 |    137 |     16 |      0 |      0 |   1 |  153.0 |
               +--------+--------+--------+--------+--------+-----+--------+

Top non-repeatable levels by time:
     D:1: 153 daAuts
